[Event "ICC tourney 2459 (45 10)"]
[Site "Internet Chess Club"]
[Date "2021.03.20"]
[Round "5"]
[White "procopio, Patti:prostripe"]
[Black "Chandler, Brooks :Tebow2Baker"]
[Result "0-1"]
[ICCResult "White resigns"]
[WhiteElo "1223"]
[BlackElo "1226"]
[Opening "Queen's pawn game"]
[ECO "A46"]
[NIC "QP.06"]
[Time "21:01:36"]
[PlyCount "106"]
[TimeControl "2700+10"]

1. d4 Nf6 2. Nf3 c5 3. c3 Nc6 4. Bf4 Qb6 5. Qb3 Qxb3 6. axb3 cxd4 7. cxd4
d5 8. e3 Bf5 9. Nbd2 e6 10. Bb5 a6 11. Be2 Bb4 12. O-O O-O 13. Rfc1 Rfc8
14. h3 Ne4 15. Nxe4 Bxe4 16. Ng5 Bg6 17. Nf3 Na5 18. Bd1 Be4 19. Bc7 Nc6
20. Bg3 Ne7 21. Ng5 Bg6 22. Nf3 Bh5 23. Bh2 Bxf3 24. Bxf3 Bd2 25. Rcb1 Rc6
26. e4 Rac8 27. exd5 Nxd5 28. Bxd5 exd5 29. Rd1 Rc1 30. Bd6 Rxa1 31. Rxa1
Rc1+ 32. Rxc1 Bxc1 33. Ba3 b5 34. b4 Bg5 35. b3 Bd2 36. Kf1 Bc3 37. Ke2
Bxd4 38. f4 f5 39. Kd3 Bg1 40. Bc1 d4 41. g4 fxg4 42. hxg4 g6 43. Ke4 Be3
44. Bxe3 dxe3 45. Kxe3 h5 46. gxh5 gxh5 47. Kf3 Kf7 48. f5 Kf6 49. Kf4 h4
50. Kg4 h3 51. Kxh3 Kxf5 52. Kg2 Ke4 53. Kf2 Kd3 { White resigns } 0-1

[Event "ICC tourney 2459 (45 10)"]
[Site "Internet Chess Club"]
[Date "2021.03.20"]
[Round "5"]
[White "BAREKET, NIMROD:nb12"]
[Black "SALAZAR, LUIS:zarman"]
[Result "0-1"]
[ICCResult "White resigns"]
[WhiteElo "1212"]
[BlackElo "1271"]
[Opening "Latvian gambit, 3.Bc4"]
[ECO "C40"]
[NIC "KP.09"]
[Time "21:01:50"]
[PlyCount "72"]
[TimeControl "2700+10"]

1. e4 e5 2. Nf3 f5 3. Bc4 Bc5 4. Nxe5 Bxf2+ 5. Kxf2 Qh4+ 6. g3 Qxe4 7. Re1
Qd4+ 8. Kg2 Kf8 9. d3 b5 10. c3 Bb7+ 11. Kf1 Qb6 12. Be3 c5 13. Nf7 bxc4
14. Nxh8 cxd3 15. Qb3 d5 16. Qxb6 axb6 17. Nd2 Nd7 18. b3 Ngf6 19. Kg1 Ne4
20. Nxe4 dxe4 21. Rf1 g6 22. g4 Ne5 23. gxf5 Nf3+ 24. Kg2 gxf5 25. Kg3 Ke7
26. b4 Rxh8 27. Rf2 Rg8+ 28. Kh3 Bc8 29. Bf4 Rg4 30. Rxf3 exf3 31. Re1+ Kf7
32. Bc7 Re4 33. Rxe4 fxe4+ 34. Kg3 d2 35. Bxb6 d1=Q 36. Bxc5 Qe1+ { White
resigns } 0-1

[Event "ICC tourney 2459 (45 10)"]
[Site "Internet Chess Club"]
[Date "2021.03.20"]
[Round "5"]
[White "MALONE, STEVEN CURTIS:YucaipaSteve"]
[Black "GUO, MAX:salamenceg"]
[Result "0-1"]
[ICCResult "White resigns"]
[WhiteElo "912"]
[BlackElo "1067"]
[Opening "Grünfeld: 5.Bf4"]
[ECO "D92"]
[NIC "GI.07"]
[Time "21:01:34"]
[PlyCount "144"]
[TimeControl "2700+10"]

1. d4 Nf6 2. c4 g6 3. Nc3 d5 4. Nf3 Bg7 5. Bf4 c5 6. e3 Qa5 7. Bd3 dxc4 8.
Bxc4 Nc6 9. O-O Qb4 10. Qe2 Bg4 11. a3 Bxf3 12. gxf3 Qa5 13. Kh1 cxd4 14.
Nb5 O-O 15. Nxd4 Nxd4 16. exd4 e6 17. Rg1 Nd5 18. Be5 Bxe5 19. dxe5 Nb6 20.
Bd3 Nd5 21. Rg4 Ne7 22. h4 h5 23. Rg3 Kg7 24. f4 Rad8 25. Rd1 Qa4 26. Qxh5
Qxf4 27. Rf3 Qe4 28. Bxe4 Rxd1+ 29. Kh2 gxh5 30. Bxb7 Rb8 31. Rg3+ Kf8 32.
Bf3 Rxb2 33. Bxd1 Rxf2+ 34. Kh3 Rf5 35. Re3 Ng6 36. Bc2 Rxe5 37. Rxe5 Nxe5
38. Bd1 Ng4 39. a4 Kg7 40. Kg3 e5 41. Bc2 Kf6 42. a5 Ne3 43. Bd3 Nf5+ 44.
Kh3 Nd6 45. Kg3 e4 46. Be2 Kg6 47. Kf4 Nf5 48. Kxe4 Ng3+ 49. Kf3 Nxe2 50.
Kxe2 Kf5 51. Kf3 Ke5 52. Ke3 f5 53. Kf3 f4 54. a6 Kf5 55. Kf2 Kg4 56. Kg2
Kxh4 57. Kf3 Kg5 58. Kf2 Kg4 59. Kg2 f3+ 60. Kf2 h4 61. Kf1 h3 62. Kg1 Kg3
63. Kh1 Kf2 64. Kh2 Kf1 65. Kxh3 f2 66. Kh2 Ke1 67. Kg2 f1=Q+ 68. Kh2 Qf2+
69. Kh1 Qf6 70. Kg1 Qf3 71. Kh2 Qg4 72. Kh1 Kf2 { White resigns } 0-1

[Event "ICC tourney 2459 (45 10)"]
[Site "Internet Chess Club"]
[Date "2021.03.20"]
[Round "5"]
[White "KARLIN, ARI Z.:arikarlin1"]
[Black "Goldblatt, Steven:SGOLD9367"]
[Result "1-0"]
[ICCResult "Black resigns"]
[WhiteElo "259"]
[BlackElo "1318"]
[Opening "French defense, Steiner variation"]
[ECO "C00"]
[NIC "FR.01"]
[Time "21:01:36"]
[PlyCount "99"]
[TimeControl "2700+10"]

1. e4 e6 2. c4 c5 3. Nf3 Nc6 4. d4 cxd4 5. Nxd4 Qb6 6. Nb3 Bb4+ 7. Bd2 Nf6
8. Bd3 Ne5 9. Qc2 Nxd3+ 10. Qxd3 Ng4 11. Qg3 f5 12. O-O Bd6 13. Bf4 Bxf4
14. Qxf4 O-O 15. exf5 Nh6 16. c5 Qc6 17. Nc3 Nxf5 18. Rac1 h6 19. Rfd1 g5
20. Qe4 Qc7 21. Nb5 Qd8 22. Nd6 Rf6 23. Nxb7 Qc7 24. Nd6 Qb8 25. Nxf5 Rxf5
26. Nd4 Rf6 27. Nf3 Bb7 28. Qd4 Qf8 29. Ne5 Bc6 30. Nxd7 Bxd7 31. Qxd7 Rb8
32. b3 Re8 33. f3 Rf7 34. Qa4 Rc8 35. c6 Rfc7 36. Qe4 Qe8 37. Rd6 Re7 38.
Qe5 Rcc7 39. Qf6 Kh7 40. Qe5 Qf7 41. b4 Qf4 42. Qxf4 gxf4 43. Rc4 e5 44.
Rc5 Kg7 45. Rcd5 h5 46. a4 h4 47. b5 e4 48. fxe4 Rxe4 49. Rd7+ Re7 50. Rxc7
{ Black resigns } 1-0

[Event "ICC tourney 2459 (45 10)"]
[Site "Internet Chess Club"]
[Date "2021.03.20"]
[Round "5"]
[White "HELLER, JACK G:Maximusiv"]
[Black "QI, JENNY:eevee11"]
[Result "1-0"]
[ICCResult "Black checkmated"]
[WhiteElo "932"]
[BlackElo "1020"]
[Opening "Scandinavian defense"]
[ECO "B01"]
[NIC "SD.03"]
[Time "21:01:35"]
[PlyCount "129"]
[TimeControl "2700+10"]

1. e4 d5 2. exd5 Nf6 3. Bb5+ Nbd7 4. Nc3 a6 5. Ba4 b5 6. Bb3 Nb6 7. Nf3
Nbxd5 8. Nxd5 Nxd5 9. d4 a5 10. a4 b4 11. O-O Bg4 12. Re1 e6 13. Qd3 Be7
14. Qb5+ Qd7 15. Qxd7+ Kxd7 16. Ne5+ Ke8 17. Nxg4 c6 18. Ne3 Rd8 19. Nxd5
cxd5 20. Bd2 Bf6 21. Be3 g5 22. c3 bxc3 23. bxc3 h5 24. c4 dxc4 25. Bxc4
Rc8 26. Bb5+ Ke7 27. Rad1 Kd6 28. Bd2 Ra8 29. Be3 g4 30. Rc1 h4 31. Rc6+
Kd5 32. Rc5+ Kd6 33. Rec1 Ke7 34. d5 exd5 35. Rxd5 Rh7 36. Re1 Bc3 37. Bc5+
Kf6 38. Bd4+ Bxd4 39. Rxd4 Kg5 40. Rd5+ f5 41. Ree5 Rf8 42. Bd3 Rhf7 43.
Rxa5 Kf4 44. g3+ hxg3 45. hxg3+ Kg5 46. Rad5 Rf6 47. a5 Kg6 48. a6 Ra8 49.
Rxf5 Rxf5 50. Rxf5 Rxa6 51. Ra5+ Kf6 52. Rxa6+ Kf7 53. Kf1 Ke7 54. Bf5 Kf7
55. Bxg4 Ke7 56. Ke2 Kf7 57. Ke3 Ke7 58. Ke4 Kf7 59. Ke5 Ke7 60. Ra7+ Ke8
61. Kd6 Kf8 62. Ke6 Kg8 63. Kf6 Kh8 64. Kg6 Kg8 65. Ra8# { Black checkmated
} 1-0